AoeStats
← BenJames

Arabia

504908981Analyzed
2v2 RM · 24d ago on Sep 7, 2026· 27m 33s· 4 players
Game mode
Random Map
Map size
Medium (4 player)
Population
200
Speed
Normal
Resources
Standard
Victory
Conquest
Starting age
Dark Age
Ending age
Imperial Age
RankedLock teamsTeams togetherTeam positionsShared explorationLock speedFull tech treeHidden civsTurbo modeCheats
Victory
Defeat
🇺🇸 Koreans · United States
1141
+14
🇺🇸 Persians · United States
1139
+14
🇲🇽 Britons · Mexico
1115
-14
🇨🇴 Mongols · Colombia
1093
-14
BenJames
6:23 Loom
8:26 Feudal Age
9:33 Double-Bit Axe
11:29 Town Watch
11:50 Horse Collar
19:13 Forging
20:13 Wheelbarrow
24:31 Castle Age
22:40 Scale Barding Armor
22:47 Bloodlines
23:25 Gold Mining
25:21 Husbandry
24:42 Light Cavalry
26:21 Bow Saw
26:13 Heavy Plow
27:07 Iron Casting
yayo_1392
9:43 Feudal Age
10:23 Double-Bit Axe
15:16 Fletching
16:11 Padded Archer Armor
18:37 Loom
BeefyCronchMorphrito
4:13 Loom
10:05 Feudal Age
11:02 Double-Bit Axe
13:41 Horse Collar
16:56 Fletching
21:20 Castle Age
20:58 Gold Mining
21:22 Crossbowman
21:58 Bodkin Arrow
22:27 Bow Saw
23:56 Wheelbarrow
25:27 Ballistics
MasterChampi
6:14 Loom
9:21 Feudal Age
10:43 Double-Bit Axe
11:26 Horse Collar
17:36 Scale Barding Armor
21:23 Forging
21:35 Bloodlines
22:07 Gold Mining
25:49 Castle Age
25:04 Stone Mining
26:26 Bow Saw
26:18 Heavy Plow
26:55 Gold Shaft Mining
26:59 Stone Shaft Mining
26:04 Light Cavalry
26:47 Husbandry
Connection lost

Rejoining the realm…

Still unreachable

The connection could not be restored.

Session expired

The server has moved on; the page needs a fresh start.